Map: Disco Bloodbath LE

Players

IlIllIllIllI

  • Race: Protoss Protoss
  • League: Grandmaster
  • Spawn Location: 3:00

True - Winner!

  • Race: Zerg Zerg
  • League: Master
  • Spawn Location: 9:00

VOD

Have the link to the VOD?

Description

Time

  • Played on: Oct. 8, 2019, 6:14 a.m.
  • Length: 6:29
Show
View Real Time Build Order
Export as new Build Order

IlIllIllIllI Protoss 

Build Orders: 1 Gate Expand 

Get SALT Encoding   

  12  0:01  Probe  
  13  0:13  Probe  
  14  0:20  Pylon  
  14  0:25  Probe  
  15  0:38  Probe (Chrono Boost)  
  15  0:40  Gateway  
  16  0:47  Probe (Chrono Boost)  
  16  0:48  Assimilator  
  17  0:53  Probe  
  18  1:05  Probe  
  19  1:17  Probe  
  20  1:24  Nexus  
  20  1:34  Cybernetics Core  
  20  1:38  Probe  
  21  1:43  Assimilator  
  21  1:50  Pylon, Probe  
  22  2:03  Probe  
  22  2:07  Adept (Chrono Boost)  
  23  2:15  Robotics Facility, Probe  
  25  2:19  Warp Gate  
  26  2:29  Probe (Chrono Boost)  
  27  2:30  Stalker  
  27  2:36  Probe (Chrono Boost)  
  31  2:45  Probe x2 (Chrono Boost)  
  31  2:50  Probe (Chrono Boost)  
  32  2:52  Probe  
  34  2:59  Immortal (Chrono Boost)  
  34  3:02  Probe  
  39  3:06  Probe  
  39  3:12  Twilight Council  
  40  3:22  Probe  
  40  3:25  Probe  
  42  3:27  Warp Prism (Chrono Boost)  
  42  3:31  Gateway  
  44  3:38  Pylon  
  44  3:43  Charge (Chrono Boost)  
  44  3:56  Immortal  
  44  4:00  Gateway  
  44  4:02  Gateway  
  48  4:05  Gateway  
  48  4:11  Zealot  
  48  4:14  Gateway  
  29  4:58  Pylon  
  29  5:02  Zealot  
  29  5:03  Zealot x2  
  34  5:20  Zealot  
  36  5:24  Zealot x2  
  36  5:25  Zealot  
  41  5:47  Pylon  
  41  5:48  Pylon  
  41  5:55  Pylon  
  41  6:06  Zealot x3  
Show
View Real Time Build Order
Export as new Build Order

True Zerg - Winner!

Build Orders: Hatch First, Zergling Baneling 

Get SALT Encoding   

  12  0:01  Drone  
  13  0:12  Overlord  
  13  0:16  Drone  
  14  0:31  Drone x2  
  16  0:36  Drone  
  17  0:51  Hatchery  
  17  0:55  Drone  
  17  1:06  Extractor  
  17  1:10  Spawning Pool  
  15  1:13  Drone  
  15  1:17  Drone  
  17  1:20  Drone  
  18  1:45  Hatchery  
  17  1:50  Drone  
  17  1:52  Drone  
  19  2:03  Queen  
  21  2:11  Metabolic Boost  
  21  2:20  Queen  
  23  2:23  Drone  
  24  2:30  Overlord  
  24  2:32  Zergling x2  
  24  2:35  Zergling x2  
  26  2:43  Drone x2  
  28  2:52  Drone x2  
  30  2:59  Zergling x4  
  30  3:00  Baneling Nest  
  30  3:02  Zergling x2  
  33  3:05  Zergling x2  
  33  3:08  Zergling x2  
  33  3:11  Zergling x2  
  35  3:15  Zergling x2  
  35  3:18  Zergling x4  
  38  3:26  Zergling x2  
  39  3:30  Zergling x4  
  41  3:38  Zergling x2  
  42  3:42  Overlord  
  42  3:47  Overlord, Baneling x7  
  42  3:55  Baneling  
  42  3:56  Overlord  
  42  4:03  Zergling x6  
  42  4:05  Zergling x2  
  42  4:07  Baneling  
  46  4:15  Zergling x6  
  46  4:16  Zergling x2  
  46  4:19  Zergling x2  
  46  4:23  Zergling x2  
  47  4:29  Zergling x2  
  47  4:30  Zergling x6  
  48  4:35  Zergling x4  
  48  4:40  Zergling x2  
  45  4:48  Drone x3  
  45  4:49  Drone  
  48  4:53  Zergling x2  
  48  4:54  Zergling x2  
  48  4:57  Zergling x2  
  51  5:00  Zergling x2  
  51  5:03  Zergling x2  
  52  5:07  Zergling x2  
  52  5:09  Zergling x2  
  52  5:13  Zergling x2  
  54  5:17  Zergling x2  
  54  5:18  Zergling x2  
  54  5:19  Zergling x4  
  57  5:21  Zergling x2  
  54  5:28  Zergling x2  
  54  5:29  Zergling x6  
  54  5:32  Zergling x2  
  55  5:39  Zergling x2, Queen  
  55  5:40  Zergling x2  
  56  5:58  Baneling x8  
  56  5:59  Zergling x12  
  56  6:00  Zergling x2  
  56  6:03  Zergling x2  
  64  6:09  Zergling x2  
Tags
 
Add a new tag
Caveats
  • Supply blocks, unpowered buildings, or Contaminate may cause inaccurate times.
  • Supply counts are checked every 10 seconds.